 Dungeon Crawl Stone Soup version 0.31-a0-233-g139696dc86 (webtiles) character file.

Game seed: 13325350509811607727

105 qw the Shooter (level 4, -4/36 HPs)
             Began as a Minotaur Hexslinger on July 8, 2023.
             Slain by Terence
             ... wielding a +0 trident
              (9 damage)
             ... on level 3 of the Dungeon.
             The game lasted 00:00:48 (2207 turns).

qw the Shooter (Minotaur Hexslinger)                Turns: 2207, Time: 00:00:49

Health: -4/36      AC:  1    Str: 12    XL:     4   Next: 53%
Magic:  4/4        EV: 12    Int: 10    God:
Gold:   139        SH:  0    Dex: 15    Spells: 4/5 levels left

rFire   . . .        Y - +2 sling
rCold   . . .        (no shield)
rNeg    . . .        (no body armour)
rPois   .            (helmet restricted)
rElec   .            (no cloak)
rCorr   .            h - +0 pair of gloves
SInv    .            (no boots)
Will    .....        (no amulet)
Stlth   +            (no ring)
HPRegen 0.26/turn    (no ring)
MPRegen 0.09/turn

%: no passive effects
@: no status effects
A: horns 2, retaliatory headbutt
a: no special abilities


You were on level 3 of the Dungeon.
You visited 1 branch of the dungeon, and saw 3 of its levels.

You collected 139 gold pieces.


Innate Abilities, Weirdness & Mutations

You have a pair of horns on your head.
You reflexively headbutt those who attack you in melee.


   Skills:
 + Level 2.3 Fighting
 - Level 5.0 Ranged Weapons
 - Level 2.1 Dodging
 - Level 1.0 Spellcasting
 - Level 2.0 Hexes


You had 4 spell levels left.
You knew the following spells:

 Your Spells              Type           Power      Damage    Failure   Level
a - Slow                  Hex            16%        N/A       16%         1

Your spell library contained the following spells:

 Spells                   Type           Power      Damage    Failure   Level
 Inner Flame              Hex/Fire       2%         N/A       56%         3
 Portal Projectile        Hex/Tloc       4%         N/A       56%         3
 Cause Fear               Hex            2%         N/A       83%         4

Inventory:

Hand Weapons
 Y - a +2 sling (weapon)
Armour
 d - a +0 leather armour
 e - a +0 ring mail
 h - a +0 pair of gloves (worn)
Scrolls
 b - a scroll of identify
 f - a scroll of enchant armour {unknown}
 g - a scroll of fear {unknown}
 j - a scroll of blinking {unknown}
Potions
 a - a potion of haste {unknown}
 c - a potion of berserk rage {unknown}
 i - 2 potions of curing

Dungeon Overview and Level Annotations

Branches:
Dungeon (3/15)

Altars:
Yredelemnul

Annotations:
D:2 1 runed translucent door, Crazy Yiuf
D:3 Terence


Message History

You shoot a sling bullet.
The sling bullet hits Terence but does no damage.
Terence is moderately wounded.
Terence hits you from afar with a +0 trident.
You shoot a sling bullet. The sling bullet barely misses Terence.
Terence closely misses you.
You shoot a sling bullet. The sling bullet barely misses Terence.
Terence hits you from afar with a +0 trident.
Enter note:
Enter note:
Enter note:
Enter note:
Enter note:
Enter note:
2198 ||| UPGRADING to +0 ring mail.
Terence closely misses you.
You start removing your armour.
You continue taking off your +0 leather armour.
Terence hits you but does no damage.
You stop removing your armour.
2200 ||| UPGRADING to +0 ring mail.
Terence hits you but does no damage.
You stop removing your armour.
2201 ||| UPGRADING to +0 ring mail.
Terence barely misses you.
You start removing your armour.
You continue taking off your +0 leather armour.
Terence misses you.
You continue taking off your +0 leather armour.
Terence barely misses you.
You continue taking off your +0 leather armour.
Terence closely misses you.
You continue taking off your +0 leather armour.
Terence misses you.
You finish taking off your +0 leather armour.
You start putting on your armour.
You continue putting on your +0 ring mail.
Terence hits you from afar with a +0 trident!
Keep equipping yourself?
You continue putting on your +0 ring mail.
Terence hits you from afar with a +0 trident!
You die...

#..# ####.## #.... #%## #..##
###+# #.# ##..# #.. #.# ##.## .
#. ##.# #..# .# ### ## #..###
##.# ..> ..# #....### #.##
###... #.#### ####...##
#.)###....# # #.##..
###..######..@<@# .# #.##..
####....# ###..#####.# #.##..
#....###.## #..# #...# #....)
####......####..###<#########..
#####.......).....>.........
######..%...........#####.#
##......#............# #...#
#....................###.###
#.....####...............#


You could see Terence.

Vanquished Creatures
  An orc wizard (D:3)
  An adder (D:3)
  3 worms
  2 orcs (D:3)
  3 ball pythons
  4 endoplasms
  3 giant cockroaches
  4 goblins
  6 hobgoblins
  7 jackals
  9 bats
  2 frilled lizards (D:2)
  3 kobolds
  11 rats
59 creatures vanquished.

Notes
Turn   | Place    | Note
-------+----------+-------------------------------------------
     0 | D:1      | qw the Minotaur Hexslinger began the quest for the Orb.
     0 | D:1      | Reached XP level 1. HP: 16/16 MP: 1/1
     0 | D:1      | 0 ||| qw: Version: 0.3-a-46-gb1f654a
     0 | D:1      | 0 ||| qw: Game counter: 3763
     0 | D:1      | 0 ||| qw: Melee chars always use a shield: true
     0 | D:1      | 0 ||| qw: God list: Okawaru
     0 | D:1      | 0 ||| qw: Allow faded altars: false
     0 | D:1      | 0 ||| qw: Do Orc after clearing Dungeon:15 true
     0 | D:1      | 0 ||| qw: Do second Lair branch before Depths: true
     0 | D:1      | 0 ||| qw: Lair rune preference: random
     0 | D:1      | 0 ||| qw: Goals: Normal
     0 | D:1      | 0 ||| PLANNING D:1-11
   424 | D:1      | Reached skill level 3 in Ranged Weapons
   424 | D:1      | Reached XP level 2. HP: 12/23 MP: 2/2
   612 | D:1      | Found a faded altar of an unknown god.
   909 | D:1      | 909 ||| UPGRADING to +0 leather armour.
   919 | D:1      | 919 ||| DROPPING +0 robe.
   920 | D:1      | 920 ||| UPGRADING to +0 pair of gloves.
   925 | D:1      | 925 ||| DROPPING ring of wizardry.
   926 | D:1      | 926 ||| READING scroll labelled TEDUBU SYASK.
   927 | D:1      | 927 ||| READING scroll labelled YXYPLU YBBUG.
   931 | D:1      | 931 ||| DRINKING 2 green potions.
   932 | D:1      | 932 ||| DROPPING scroll of poison.
  1175 | D:2      | Reached XP level 3. HP: 29/29 MP: 3/3
  1436 | D:2      | Reached skill level 4 in Ranged Weapons
  1484 | D:2      | Found a runed translucent door.
  1485 | D:2      | Noticed Crazy Yiuf
  1682 | D:2      | 1682 ||| READING scroll labelled FIKKYSTRENUN.
  1683 | D:2      | 1683 ||| READING 2 scrolls labelled CERISA AGIY.
  1684 | D:2      | 1684 ||| READING scroll labelled BUMAUTE ROUQ.
  1840 | D:3      | Found a basalt altar of Yredelemnul.
  1860 | D:3      | 1860 ||| FLEEEEING.
  1861 | D:3      | 1861 ||| FLEEEEING.
  1872 | D:3      | Reached XP level 4. HP: 29/36 MP: 4/4
  2034 | D:3      | Reached skill level 5 in Ranged Weapons
  2184 | D:3      | Noticed Terence
  2198 | D:3      | 2198 ||| UPGRADING to +0 ring mail.
  2200 | D:3      | 2200 ||| UPGRADING to +0 ring mail.
  2201 | D:3      | 2201 ||| UPGRADING to +0 ring mail.
  2206 | D:3      | HP: 4/36 [Terence/+0 trident (13)]
  2207 | D:3      | Slain by Terence

Levels and vault maps discovered:
D:1:      dpeg_arrival_arbitrary_c, layout_basic,
          shapermc_ecumenical_altar_rom_forum
D:2:      layout_loops_ring, uniq_crazy_yiuf_cottage
D:3:      layout_rooms, mainiacjoe_overflow_24_doors, uniq_terence

Skill      XL: |  1  2  3  4 |
---------------+-------------+-----
Ranged Weapons | 3 4 5 |  5.0
Fighting       | 2 |  2.3
Dodging        | |  2.1
Spellcasting   | |  1.0
Hexes          | |  2.0

Action                     |  1- 3 |  4- 6 || total
---------------------------+-------+-------++-------
   Fire: Sling             |   137 |    53 ||   190
    Use: Scroll            |     5 |       ||     5
         Potion            |     1 |       ||     1
 Armour: Robe              |     5 |       ||     5
         Leather armour    |    17 |     4 ||    21
  Dodge: Dodged            |    33 |    16 ||    49

Table legend:
 A = Non-vault XP
 B = Vault XP
 C = Vault XP percentage of total XP
 D = Non-vault monster count
 E = Vault monster count
 F = Vault count percentage of total count
                 A         B        C        D         E       F
            +---------+---------+-------+---------+---------+-------
      Total |     150 |       0 |   0.0 |      59 |       0 |   0.0
            +---------+---------+-------+---------+---------+-------
        D:1 |      19 |       0 |   0.0 |      12 |       0 |   0.0
        D:2 |      45 |       0 |   0.0 |      25 |       0 |   0.0
        D:3 |      86 |       0 |   0.0 |      22 |       0 |   0.0
            +---------+---------+-------+---------+---------+-------
